 Dungeon Crawl Stone Soup version 0.30-a0-782-ge64f9170bb (console) character file.

Game seed: 4172728034348256706

925 rlgrobin the Magician (level 8, -5/46 HPs)
             Began as an Octopode Hedge Wizard on Feb 20, 2023.
             Slain by a killer bee (6 damage)
             ... on level 7 of the Dungeon.
             The game lasted 00:13:13 (4640 turns).

rlgrobin the Magician (Octopode Hedge Wizard)       Turns: 4640, Time: 00:13:13

Health: -5/46      AC:  5    Str:  9    XL:     8   Next: 10%
Magic:  11/17      EV: 12    Int: 19    God:
Gold:   234        SH:  5    Dex: 11    Spells: 8/19 levels left

rFire   . . .      SeeInvis .    a - +2 hand axe (venom)
rCold   . . .      Faith    .    o - +2 buckler
rNeg    . . .      Spirit   .    b - +0 hat
rPois   .          Reflect  .    k - amulet of regeneration
rElec   .          Harm     .    n - +4 ring of protection
rCorr   .          Rampage  .    (no ring)
Will    .....                    (no ring)
Stlth   +++                      (no ring)
HPRegen 1.07/turn                (no ring)
MPRegen 0.15/turn                (no ring)
                                 (no ring)
                                 (no ring)

@: mighty, lethally poisoned (-5 -> -5)
A: almost no armour, amphibious, 8 rings, camouflage 1, gelatinous body 1,
(nimble swimmer 1), tentacles
a: no special abilities


You were on level 7 of the Dungeon.
You visited 1 branch of the dungeon, and saw 7 of its levels.
You also visited: Sewer and Ossuary.

You collected 234 gold pieces.

Inventory:

Hand Weapons
 a - a +2 hand axe of venom (weapon)
 g - a +1 hand axe of distortion
Armour
 b - a +0 hat (worn)
 o - a +2 buckler (worn)
Magical Staves
 u - a staff of conjuration
Jewellery
 k - an amulet of regeneration (around mantle)
 n - a +4 ring of protection (left tentacle)
Wands
 e - a wand of paralysis (6)
 l - a wand of iceblast (8)
Scrolls
 d - 2 scrolls of fog
 i - 4 scrolls of amnesia
 m - a scroll of enchant armour {unknown}
 r - a scroll of vulnerability {unknown}
 s - a scroll of silence {unknown}
 v - 2 scrolls of immolation {unknown}
 w - a scroll of summoning {unknown}
 x - a scroll of teleportation {unknown}
 y - a scroll of fear {unknown}
 D - a scroll of blinking {unknown}
Potions
 c - 2 potions of magic
 f - 2 potions of mutation
 h - 2 potions of resistance
 j - 3 potions of ambrosia
 p - 2 potions of haste {unknown}
 q - a potion of attraction
 t - 4 potions of curing
 A - a potion of flight
 C - a potion of cancellation {unknown}


   Skills:
 - Level 2.0 Dodging
 - Level 2.6 Stealth
 + Level 6.3 Spellcasting
 + Level 3.7 Conjurations
 - Level 4.8 Summonings
 - Level 1.0 Translocations
 + Level 2.6 Poison Magic


You had 8 spell levels left.
You knew the following spells:

 Your Spells              Type           Power      Damage    Failure   Level
a - Magic Dart            Conj           80%        1d7       3%          1
b - Call Imp              Summ           24%        N/A       3%          2
c - Mephitic Cloud        Conj/Pois/Air  14%        N/A       19%         3
d - Blink                 Tloc           18%        N/A       14%         2
e - Call Canine Familiar  Summ           24%        N/A       6%          3

Your spell library contained the following spells:

 Spells                   Type           Power      Damage    Failure   Level
 Searing Ray              Conj           40%        2d5       4%          2
 Kiss of Death            Conj/Necr      52%        2d9       7%          1
 Slow                     Hex            24%        N/A       14%         1
 Cigotuvi's Dreadful Rot  Necr/Pois/Air  18%        N/A       16%         2
 Portal Projectile        Hex/Tloc       14%        N/A       34%         3
 Confusing Touch          Hex            6%         N/A       41%         3
 Vampiric Draining        Necr           6%         2d6       41%         3
 Sticky Flame             Conj/Fire      13%        2d4       56%         4
 Leda's Liquefaction      Hex/Erth       3%         N/A       82%         4
 Summon Mana Viper        Hex/Summ       15%        N/A       83%         5


Dungeon Overview and Level Annotations

Branches:
Dungeon (7/15)              Sewer (visited)         Ossuary (visited)
 Temple: D:4-7

Altars:
Ashenzari
Uskayaw

Shops:
D:4 [=

Annotations:
D:5 exclusion: 2 doors
D:7 Pikel


Innate Abilities, Weirdness & Mutations

You cannot wear most types of armour.
You are amphibious.
You can wear up to eight rings at the same time.
Your skin changes colour to match your surroundings (Stealth+).
Your rubbery body absorbs attacks. (AC +1, EV +1)
((You are camouflaged when in or above water. (Stealth+)))
You have tentacles for arms and can constrict up to eight enemies at once.


Message History

You barely miss the killer bee. Your grab misses the killer bee.
You barely miss the killer bee.
You feel very sick. The killer bee stings you.
You are more poisoned.
The killer bee poisons you! The killer bee closely misses you.
The killer bee stings you but does no damage.
The killer bee barely misses you. The killer bee closely misses you.
The killer bee stings you.
You barely miss the killer bee. Your grab misses the killer bee.
The killer bee is lightly wounded.
You miss the killer bee.
You feel stable enough to blink again.
You feel very sick. The killer bee misses you.
The killer bee barely misses you. The killer bee stings you!
The killer bee completely misses you.
You miss the killer bee. Your grab misses the killer bee.
The killer bee is lightly wounded.
You slash the killer bee!
The killer bee looks as sick as possible!
You feel very sick. The killer bee closely misses you.
The killer bee stings you but does no damage.
The killer bee closely misses you.
The killer bee stings you but does no damage.
You block the killer bee's attack.
The killer bee stings you but does no damage.
You miss the killer bee. Your grab misses the killer bee.
Your squeeze misses the killer bee.
The killer bee is lightly wounded.
You barely miss Pikel. You hit the killer bee.
You kill the killer bee!
You feel very sick. The killer bee misses you.
The killer bee barely misses you.
Pikel hits you with a +0 whip of freezing!
* * * LOW HITPOINT WARNING * * *
Pikel freezes you.
* * * LOW HITPOINT WARNING * * *
The killer bee stings you.
You die...

#######.#.#####.# #
#................
#.#.#5≈≈≈≈≈≈≈≈≈≈≈≈~≈
....#5≈≈≈≈≈≈≈≈≈≈≈≈~≈≈
..##..≈≈#####......
....5.≈≈#.8.#.###.©
..##..≈≈#g..###.# #
#Kz≈≈###.... .
#@.≈≈.8#.##'# # .
#?y≈≈.##g#..P#
..###.~~.#gggg..
......≈≈.##g#g.P
......≈≈†8# #
....$.≈≈###
......≈≈#...#
.....$≈≈#.8.#
......≈≈#####.


You could see Pikel, 3 lemures, 2 gnoll sergeants, a gnoll bouda, a killer bee,
a wight and a gnoll.

Vanquished Creatures
  A bullfrog (D:6)
  A scorpion (D:6)
  4 killer bees (D:7)
  2 howler monkeys
  2 human zombies (Ossuary)
  An iguana (D:6)
  5 orc wizards
  A mummy (Ossuary)
  A gnoll (D:2)
  7 adders
  A river rat (D:6)
  A white imp (D:7)
  2 worms
  A dart slug (D:3)
  10 orcs
  7 bats
  2 endoplasms
  9 giant cockroaches
  7 goblins
  7 hobgoblins
  6 jackals
  A quokka (D:5)
  8 ball pythons
  4 frilled lizards
  2 goblin zombies (Ossuary)
  9 hobgoblin zombies (Ossuary)
  3 jackal zombies (Ossuary)
  17 kobolds
  8 kobold zombies (Ossuary)
  8 orc zombies (Ossuary)
  6 rats
  4 rat zombies (Ossuary)
148 creatures vanquished.

Vanquished Creatures (collateral kills)
  An ice beast (D:5)
  A jelly (D:4)
  A mummy (Ossuary)
  A gnoll (D:2)
  An orc (D:7)
5 creatures vanquished.

Vanquished Creatures (others)
  19 fungi
  8 plants
27 creatures vanquished.

Grand Total: 180 creatures vanquished

Notes
Turn   | Place    | Note
-------+----------+-------------------------------------------
     0 | D:1      | rlgrobin the Octopode Hedge Wizard began the quest for the
                  | Orb.
     0 | D:1      | Reached XP level 1. HP: 11/11 MP: 4/4
   208 | D:1      | Found a faded altar of an unknown god.
   386 | D:1      | Reached XP level 2. HP: 15/17 MP: 4/6
   734 | D:1      | Learned a level 2 spell: Call Imp
   856 | D:2      | Reached XP level 3. HP: 21/21 MP: 4/7
  1389 | D:2      | Reached XP level 4. HP: 27/27 MP: 1/9
  1684 | D:3      | Reached skill level 4 in Spellcasting
  2205 | D:3      | Reached XP level 5. HP: 31/31 MP: 11/11
  2561 | D:4      | Found Kium's Jewellery Shop.
  2760 | D:4      | Found a broken altar of Ashenzari.
  2927 | D:4      | Found Hitenana's Antique Armour Shoppe.
  3121 | D:5      | Entered Level 5 of the Dungeon
  3212 | D:5      | Noticed an ice beast
  3233 | D:5      | Reached XP level 6. HP: 33/36 MP: 10/13
  3248 | D:5      | Found a hide-covered altar of Uskayaw.
  3263 | D:5      | Found a sand-covered staircase.
  3284 | Ossuary  | Entered an ossuary
  3289 | Ossuary  | Learned a level 3 spell: Call Canine Familiar
  3386 | Ossuary  | Learned a level 2 spell: Blink
  3601 | Ossuary  | Reached skill level 5 in Spellcasting
  3820 | D:5      | Noticed a hornet
  3928 | D:5      | Killed an ice beast
  3929 | D:5      | Reached XP level 7. HP: 41/41 MP: 9/15
  4081 | D:5      | Learned a level 3 spell: Mephitic Cloud
  4209 | D:6      | Found a glowing drain.
  4213 | Sewer    | Entered a sewer
  4507 | D:6      | Got the Compilation of Prime Glamour
  4556 | D:7      | Reached skill level 6 in Spellcasting
  4556 | D:7      | Reached skill level 1 in Poison Magic
  4602 | D:7      | Noticed Pikel
  4634 | D:7      | Reached XP level 8. HP: 21/46 MP: 12/17
  4640 | D:7      | HP: 1/46 [Pikel/+0 whip of freezing (4)]
  4640 | D:7      | Slain by a killer bee

Illustrated notes

Levels and vault maps discovered:
D:1:      dpeg_arrival_pond, layout_basic,
          chequers_ecumenical_altar_simple_redux
D:2:      layout_basic
D:3:      layout_loops_ring, kennysheep_nondescript
D:4:      layout_basic, mainiacjoe_overflow_24_doors, serial_shops,
          nicolae_shop_advertising_works [nicolae_subvault_shop_adworks], shop
D:5:      kennysheep_big_flooded_room, layout_rooms, lemuel_tele_altar,
          nicolae_ossuary_entry_monument, chequers_avenue,
          hangedman_decor_points, minmay_stone_trees_small
D:6:      old_forge, layout_basic, gup_sewer_entry_bowl, grunt_decor_fettered,
          minmay_a_box_with_orc_wizards_in_it, uniq_blork_the_orc
D:7:      layout_basic, nicolae_overflow_squiral, minmay_temple_entry_tees,
          gammafunk_ghost_gnarly_gnolls, serial_glass, glass_columns_a,
          glass_columns_a, glass_columns_a, glass_columns_a, glass_columns_c,
          glass_columns_b, glass_columns_b, glass_columns_b, glass_columns_b,
          glass_columns_a, glass_columns_b, glass_columns_b, glass_columns_b,
          glass_columns_b, enter_bailey_3, serial_bayou_pond_e,
          minmay_misc_feat_four_crosses, st_stairs_10, uniq_joseph, uniq_pikel

Skill      XL: |  1  2  3  4  5  6  7 |
---------------+----------------------+-----
Conjurations   | 2 3 |  3.7
Spellcasting   | 4 5 6 |  6.3
Summonings     | 3 4 |  4.8
Poison Magic   | 2 |  2.6
Dodging        | |  2.0
Stealth        | |  2.6
Translocations | |  1.0

Action                     |  1- 3 |  4- 6 |  7- 9 || total
---------------------------+-------+-------+-------++-------
  Melee: Dagger            |    34 |       |       ||    34
         Constrict         |    10 |    40 |    23 ||    73
         Tentacles         |     5 |    36 |    19 ||    60
         Hand axe          |       |   131 |    74 ||   205
         Punch             |       |     2 |     1 ||     3
   Cast: Magic Dart        |    58 |    24 |     2 ||    84
         Call Imp          |     1 |     6 |     3 ||    10
         Blink             |       |     6 |     2 ||     8
         Call Canine Famil |       |     1 |     1 ||     2
    Use: Scroll            |       |    14 |     1 ||    15
         Potion            |       |       |     3 ||     3
   Stab: Sleeping          |     2 |    18 |     6 ||    26
 Armour: Skin              |     5 |    27 |    25 ||    57
  Dodge: Dodged            |    21 |    76 |    59 ||   156
  Block: Buckler           |       |    26 |    18 ||    44

Table legend: (Time is in decaauts)
 A = Elapsed time spent in this place.
 B = Non-inter-level travel time spent in this place.
 C = Inter-level travel time spent in this place.
 D = Time resting spent in this place.
 E = Time spent auto-exploring this place.
 F = Levels seen in this place.
 G = Mean time per level.
                   A        B        C        D        E       F      G
               +--------+--------+--------+--------+--------+-----+--------+
         Total |   4708 |   4639 |     69 |    328 |   3019 |   9 |  523.1 |
       Dungeon |   4038 |   3969 |     69 |    259 |   2791 |   7 |  576.9 |
         Sewer |    247 |    247 |      0 |      0 |    135 |   1 |  247.0 |
       Ossuary |    422 |    422 |      0 |     69 |     93 |   1 |  422.0 |
               +--------+--------+--------+--------+--------+-----+--------+

Top non-repeatable levels by time:
     D:2: 880 daAuts
     D:3: 835 daAuts
     D:1: 735 daAuts
     D:4: 681 daAuts
     D:5: 637 daAuts
 Ossuary: 422 daAuts
   Sewer: 247 daAuts
     D:6: 195 daAuts
     D:7: 73 daAuts
